 Dungeon Crawl Stone Soup version 0.19.5 (webtiles) character file.

13171 McKennaii the Thaumaturge (level 11, -12/57 HPs)
             Began as a Deep Elf Fire Elementalist on May 15, 2017.
             Was a High Priest of Vehumet.
             Shot with an arrow by Nessos (29 damage)
             ... on level 12 of the Dungeon.
             The game lasted 00:38:12 (11647 turns).

McKennaii the Thaumaturge (DEFE)                   Turns: 11647, Time: 00:38:16

Health: -12/57     AC:  5    Str:  5    XL:     11   Next: 72%
Magic:  17/31      EV: 15    Int: 27    God:    Vehumet [*****.]
Gold:   454        SH:  0    Dex: 15    Spells: 9 memorised, 13 levels left

rFire  + + .     SeeInvis .     g - staff of wizardry
rCold  . . .     Gourm    .     L - +0 robe of the Evening {+Fly rElec rF++ Stlth-} (curse)
rNeg   . . .     Faith    .     (no shield)
rPois  .         Spirit   .     U - +0 hat {Int+3}
rElec  +         Reflect  .     P - +0 cloak
rCorr  .         Harm     .     v - +0 pair of gloves
MR     +....                    R - +0 pair of boots
Stlth  ++........               O - amulet of magic regeneration
                                (no ring)
                                F - ring of wizardry

@: lethally poisoned (-12 -> -52)
A: no striking features
a: Renounce Religion, Evoke Flight


You were on level 12 of the Dungeon.
You worshipped Vehumet.
Vehumet was extremely pleased with you.
You were hungry.

You visited 2 branches of the dungeon, and saw 13 of its levels.
You also visited: Ossuary.

You collected 844 gold pieces.
You spent 390 gold pieces at shops.

Inventory:

Hand Weapons
 Z - a +1 quarterstaff of protection
Armour
 v - a +0 pair of gloves (worn)
 L - the cursed +0 robe of the Evening (worn) {+Fly rElec rF++ Stlth-}
   (You found it on level 6 of the Dungeon)

   It greatly protects you from fire.
   It insulates you from electricity.
   It lets you fly.
   It makes you less stealthy.
   It has a curse placed upon it.
 P - a +0 cloak (worn)
 R - a +0 pair of boots (worn)
 U - a +0 hat of intelligence (worn)
Magical Staves
 g - an uncursed staff of wizardry (weapon)
Jewellery
 s - an uncursed ring of ice
 F - a ring of wizardry (left hand)
 O - an amulet of magic regeneration (around neck)
Scrolls
 d - 2 scrolls of teleportation
 e - 2 scrolls of immolation
 f - a scroll of identify
 k - 7 scrolls of remove curse
 m - a scroll of fear
 y - a scroll of enchant weapon
 B - 2 scrolls of enchant armour
 M - 3 scrolls of magic mapping
Potions
 a - a potion of haste
 b - a potion of invisibility {unknown}
 h - 4 potions of brilliance
 i - 2 potions of cure mutation
 n - a potion of heal wounds
 p - 8 potions of curing
 r - 2 potions of ambrosia
 u - 2 potions of agility
 z - 2 potions of might
 A - a potion of resistance
 D - 2 potions of flight
 H - a potion of berserk rage {unknown}
 K - 2 potions of cancellation {unknown}
 N - 2 potions of magic {unknown}
 T - a potion of lignification {unknown}
Comestibles
 c - 9 bread rations
 q - 2 meat rations
 x - a fruit
 J - a royal jelly


   Skills:
 + Level 1.7 Fighting
 + Level 1.9 Staves
 + Level 1.3 Armour
 + Level 5.0 Dodging
 + Level 4.1 Stealth
 + Level 14.1 Spellcasting
 + Level 10.7 Conjurations
 + Level 3.6 Hexes
 + Level 10.8 Fire Magic
 + Level 2.4 Poison Magic


You had 13 spell levels left.
You knew the following spells:

 Your Spells              Type           Power        Failure   Level  Hunger
a - Flame Tongue          Conj/Fire      #####        1%          1    None
b - Throw Flame           Conj/Fire      ######       1%          2    None
c - Conjure Flame         Conj/Fire      ######..     1%          3    None
d - Magic Dart            Conj           ####         1%          1    None
e - Slow                  Hex            #####...     1%          2    None
f - Fireball              Conj/Fire      ######....   1%          5    #......
g - Blink                 Tloc           N/A          1%          2    None
h - Olgreb's Toxic Radia  Pois           ####....     1%          4    None
s - Venom Bolt            Conj/Pois      ######....   1%          5    #......


Dungeon Overview and Level Annotations

Branches:
Dungeon (12/15)            Temple (1/1) D:5            Lair (0/6) D:11
    Orc (0/2) D:10

Altars:
Ashenzari
Cheibriados
Dithmenos
Elyvilon
Fedhas
Gozag
Hepliaklqana
Kikubaaqudgha
Makhleb
Nemelex Xobeh
Okawaru
Qazlal
Ru
Sif Muna
Trog
Uskayaw
Vehumet
Xom
Yredelemnul
Zin
The Shining One
Beogh

Shops:
D:7 =   D:10 %   D:11 *?

Annotations:
D:12 Nessos


Message History

Aiming: Fireball
Press: ? - help, Shift-Dir - straight line, f/p - Nessos
Aim: Nessos, wielding a longbow of flaming and wearing a centaur barding (moderately wounded)
The fireball explodes!
The fireball engulfs Nessos.
Nessos is heavily wounded.
Nessos shoots an arrow.
The arrow hits you! The arrow burns you.
You are poisoned.
Casting: Fireball
Confirm with . or Enter, or press ? or * to list all spells.
Aiming: Fireball
Press: ? - help, Shift-Dir - straight line, f/p - Nessos
Aim: Nessos, wielding a longbow of flaming and wearing a centaur barding (heavily wounded)
The fireball explodes!
The fireball engulfs Nessos.
Nessos is almost dead.
You feel sick.
Nessos shoots an arrow.
The arrow hits you!!
* * * LOW HITPOINT WARNING * * *
You are lethally poisoned!
Nessos shoots an arrow.
The arrow hits you!!
Ouch! That really hurt!
You die...

#.# #.# #.# #.#
#.# #.# #.# #.#
#.# .c# #.# #.#
#.# #.# #.# #.#
#.# #@# #.#
###.####.# #.#
####........# #.#
#.....(###### #.#
#.##.#.#
#.########.##<#.#
#.............#.#
##########.####..
#....##.#


You could see Nessos.

Vanquished Creatures
  Gastronok (D:11)
  Fannar (D:10)
  An unseen horror (D:10)
  2 hill giants (D:11)
  An ugly thing (D:12)
  Joseph (D:9)
  2 trolls
  2 two-headed ogres
  A slime creature (D:12)
  3 hippogriffs
  A shadow (D:11)
  9 spriggans (D:8)
  A vampire (D:11)
  A wraith (D:11)
  The ghost of siprus the Unweaver, an amateur DsAK of Lugonu (Ossuary)
  The ghost of siprus the Shield-Bearer, an amateur DsFi (D:3)
  Menkaure (D:7)
  2 hungry ghosts (D:10)
  A soldier ant (D:11)
  A water moccasin (D:8)
  2 hell hounds (D:11)
  A sky beast (D:8)
  An ice beast (D:10)
  4 orc warriors
  2 phantoms
  4 ogres
  A centaur (D:12)
  2 big kobolds
  5 bullfrogs
  2 scorpions
  A wyvern skeleton (D:8)
  5 killer bees
  The ghost of siprus the Shield-Bearer, a weakling DsFi (D:4)
  3 wights (D:8)
  3 howler monkeys
  3 crimson imps
  A quasit (D:8)
  9 orc priests
  2 jellies
  3 centaur skeletons
  8 hounds
  2 bullfrog skeletons
  4 iguanas
  9 worker ants
  8 orc wizards
  A hound zombie (D:7)
  A worker ant zombie (D:5)
  8 mummies (Ossuary)
  14 adders
  6 gnolls
  A shadow imp (D:8)
  An ooze (D:4)
  2 adder skeletons
  A worm (D:3)
  2 dart slugs
  3 leopard geckos
  72 orcs
  2 ball pythons (D:11)
  3 bats
  6 giant cockroaches
  14 goblins
  16 hobgoblins
  6 jackals
  22 kobolds
  4 quokkas
  5 frilled lizards
  3 hobgoblin zombies (Ossuary)
  3 kobold zombies (Ossuary)
  3 leopard gecko skeletons
  2 orc zombies (Ossuary)
  2 quokka skeletons
  2 quokka zombies
  4 rats
329 creatures vanquished.

Notes
Turn   | Place    | Note
-------+----------+-------------------------------------------
     0 | D:1      | McKennaii the Deep Elf Fire Elementalist began the quest for the Orb.
     0 | D:1      | Reached XP level 1. HP: 10/10 MP: 6/6
   168 | D:1      | Reached XP level 2. HP: 9/15 MP: 1/8
   771 | D:2      | Reached XP level 3. HP: 14/19 MP: 1/10
   775 | D:2      | Learned a level 2 spell: Throw Flame
   779 | D:2      | Learned a level 3 spell: Conjure Flame
  1210 | D:2      | Reached skill level 4 in Spellcasting
  1218 | D:2      | Reached XP level 4. HP: 13/24 MP: 0/12
  1509 | D:3      | Noticed siprus's ghost (amateur DsFi)
  2567 | D:4      | Learned a level 1 spell: Magic Dart
  2570 | D:4      | Learned a level 2 spell: Slow
  2583 | D:4      | Reached XP level 5. HP: 22/28 MP: 11/14
  2703 | D:4      | Reached skill level 5 in Spellcasting
  2826 | D:4      | Noticed an ogre
  2835 | D:4      | Killed an ogre
  2835 | D:4      | Reached skill level 5 in Fire Magic
  2835 | D:4      | Reached XP level 6. HP: 32/32 MP: 2/16
  2845 | D:4      | Learned a level 5 spell: Fireball
  2949 | D:4      | Reached skill level 6 in Spellcasting
  2949 | D:4      | Reached skill level 1 in Hexes
  3095 | D:4      | Reached XP level 7. HP: 37/37 MP: 8/18
  3393 | D:4      | Noticed siprus's ghost (weakling DsFi)
  3402 | D:4      | Killed siprus's ghost
  3539 | D:3      | Killed siprus's ghost
  3539 | D:3      | Reached skill level 7 in Spellcasting
  3618 | D:5      | Entered Level 5 of the Dungeon
  3900 | D:5      | Found a staircase to the Ecumenical Temple.
  3922 | Temple   | Entered the Ecumenical Temple
  3976 | Temple   | Became a worshipper of Vehumet
  4501 | D:5      | Reached XP level 8. HP: 36/42 MP: 13/21
  4636 | D:5      | Reached * piety under Vehumet
  4636 | D:5      | Offered knowledge of Sandblast by Vehumet.
  4636 | D:5      | Reached skill level 5 in Conjurations
  4963 | D:6      | Found a sand-covered staircase.
  4972 | Ossuary  | Entered an ossuary
  4972 | Ossuary  | Noticed siprus's ghost (amateur DsAK)
  4979 | Ossuary  | Killed siprus's ghost
  4979 | Ossuary  | Reached skill level 1 in Staves
  4979 | Ossuary  | Reached skill level 8 in Spellcasting
  5032 | Ossuary  | Offered knowledge of Shock by Vehumet.
  5065 | Ossuary  | Reached ** piety under Vehumet
  5483 | D:6      | Got a faintly humming robe
  5494 | D:6      | Identified the cursed +0 robe of the Evening {+Fly rElec rF++ Stlth-} (You found it on level 6 of the Dungeon)
  5827 | D:7      | Noticed Menkaure
  5830 | D:7      | Killed Menkaure
  5830 | D:7      | Reached skill level 1 in Armour
  5975 | D:7      | Reached skill level 9 in Spellcasting
  6007 | D:7      | Found a hazy altar of Hepliaklqana.
  6102 | D:7      | Noticed a hippogriff
  6108 | D:7      | Killed a hippogriff
  6108 | D:7      | Reached XP level 9. HP: 46/46 MP: 14/24
  6233 | D:7      | Found Fogau's Jewellery Shoppe.
  6238 | D:7      | Bought an uncursed amulet of magic regeneration for 390 gold pieces
  6411 | D:7      | Learned a level 2 spell: Blink
  6555 | D:8      | Offered knowledge of Static Discharge by Vehumet.
  6580 | D:8      | Reached skill level 10 in Spellcasting
  6581 | D:8      | Reached skill level 1 in Fighting
  6852 | D:8      | Reached *** piety under Vehumet
  6853 | D:8      | Reached skill level 11 in Spellcasting
  6853 | D:8      | Reached XP level 10. HP: 44/52 MP: 9/27
  7437 | D:8      | Offered knowledge of Olgreb's Toxic Radiance by Vehumet.
  7443 | D:8      | Learned a level 4 spell: Olgreb's Toxic Radiance
  8051 | D:9      | Noticed Joseph
  8055 | D:9      | Killed Joseph
  8683 | D:10     | Entered Level 10 of the Dungeon
  8745 | D:10     | Noticed Fannar
  8752 | D:10     | Killed Fannar
  8752 | D:10     | Reached skill level 12 in Spellcasting
  9348 | D:10     | Found Kicsusimp's Food Shop.
  9349 | D:10     | Found a staircase to the Orcish Mines.
  9351 | D:10     | Reached **** piety under Vehumet
  9393 | D:10     | Reached skill level 10 in Fire Magic
  9420 | D:10     | Found a roughly hewn altar of Beogh.
  9421 | D:10     | Offered knowledge of Venom Bolt by Vehumet.
  9430 | D:10     | Learned a level 5 spell: Venom Bolt
  9733 | D:10     | Killed an unseen horror
  9733 | D:10     | Reached skill level 5 in Dodging
  9733 | D:10     | Reached XP level 11. HP: 37/56 MP: 12/29
 10022 | D:11     | Found a staircase to the Lair.
 10064 | D:11     | Noticed a hill giant
 10076 | D:11     | Killed a hill giant
 10076 | D:11     | Reached skill level 13 in Spellcasting
 10290 | D:11     | Reached skill level 10 in Conjurations
 10305 | D:11     | Found Vallass's Serpentskin Sales.
 10450 | D:11     | Noticed Gastronok
 10460 | D:11     | Killed Gastronok
 10460 | D:11     | Reached skill level 1 in Poison Magic
 10708 | D:11     | Reached ***** piety under Vehumet
 10715 | D:11     | Noticed a hill giant
 10722 | D:11     | Killed a hill giant
 10722 | D:11     | Reached skill level 14 in Spellcasting
 10875 | D:11     | Offered knowledge of Bolt of Magma by Vehumet.
 10978 | D:11     | Found Fodghohal's Magic Scroll Emporium.
 11222 | D:11     | Identified a scroll of acquirement
 11237 | D:12     | Noticed Nessos
 11365 | D:12     | Noticed a green ugly thing
 11369 | D:12     | Killed a green ugly thing
 11448 | D:12     | HP: 2/57 [something (3)]
 11647 | D:12     | Shot with an arrow by Nessos

Skill      XL: |  1  2  3  4  5  6  7  8  9 10 11 |
---------------+----------------------------------+-----
Fire Magic     | 4 5 6 7 8 10 | 10.8
Spellcasting   | 4 5 6 7 9 11 12 14 | 14.1
Conjurations   | 2 3 4 6 8 9 10 | 10.7
Dodging        | 3 4 5 |  5.0
Stealth        | 3 4 |  4.1
Hexes          | 1 2 3 |  3.6
Staves         | 1 |  1.9
Armour         | 1 |  1.3
Fighting       | 1 |  1.7
Poison Magic   | 2 |  2.4

Action                   |  1- 3 |  4- 6 |  7- 9 | 10-12 || total
-------------------------+-------+-------+-------+-------++-------
Melee: Unarmed           |       |     2 |       |       ||     2
       Quarterstaff      |       |       |     7 |     7 ||    14
       Staff             |       |       |       |     2 ||     2
 Cast: Flame Tongue      |    74 |    82 |   297 |   188 ||   641
       Throw Flame       |     1 |     9 |    45 |    25 ||    80
       Conjure Flame     |       |     4 |     3 |    11 ||    18
       Slow              |       |     1 |     1 |     8 ||    10
       Fireball          |       |       |     9 |    73 ||    82
       Magic Dart        |       |       |     4 |    21 ||    25
       Venom Bolt        |       |       |       |    30 ||    30
  Use: Scroll            |       |     1 |    14 |    17 ||    32
       Potion            |       |       |       |     5 ||     5
  Eat: Chunk             |     1 |     1 |    12 |    15 ||    29
       Bread ration      |       |     1 |       |       ||     1
       Fruit             |       |       |     1 |     1 ||     2
       Royal jelly       |       |       |       |     1 ||     1
       Pizza             |       |       |       |     1 ||     1
       Beef jerky        |       |       |       |     1 ||     1
Armor: Robe              |     5 |     4 |     7 |    20 ||    36
       Leather armour    |       |       |    14 |       ||    14
Dodge: Dodged            |    29 |    20 |    91 |    55 ||   195
